 Dungeon Crawl Stone Soup version 0.26-a0-810-ge1a9524b62 (webtiles) character file.

Game seed: 18277516264586478532

15772 robertstho the Grappler (level 12, -5/102 HPs)
             Began as a Troll Fighter on Nov 12, 2020.
             Was a Priest of Hepliaklqana.
             Slain by a yak (15 damage)
             ... on level 12 of the Dungeon.
             The game lasted 00:13:39 (8982 turns).

robertstho the Grappler (Troll Fighter)             Turns: 8982, Time: 00:13:40

Health: -5/102     AC: 12    Str: 30    XL:     12   Next: 4%
Magic:  23/23      EV: 14    Int:  5    God:    Hepliaklqana [***...]
Gold:   729        SH: 10    Dex:  9    Spells: 11/11 levels left

rFire    . . .     SeeInvis .     - Unarmed
rCold    . . .     Faith    .   b - +0 kite shield
rNeg     . . .     Spirit   .   H - +0 troll leather armour
rPois    .         Reflect  .   a - +2 hat {MR+}
rElec    .         Harm     .   h - +0 cloak (curse)
rCorr    .         Rampage  .   (gloves unavailable)
MR       +....                  (boots unavailable)
Stlth    +.........             G - amulet of magic regeneration
HPRegen  1.07/turn              y - +4 ring of evasion
MPRegen  0.43/turn              C - ring of magical power (curse)

@: hasted, very quick
A: large, unfitting armour, reduced essence, claws 3, regeneration 1, shaggy fur
1, tough skin 3
a: Recall Ancestor, Ancestor Identity, Transference, Renounce Religion


You were on level 12 of the Dungeon.
You worshipped Hepliaklqana.
Hepliaklqana was most pleased with you.
You visited 2 branches of the dungeon, and saw 13 of its levels.

You collected 729 gold pieces.

Inventory:

Hand Weapons
 B - a +0 broad axe of distortion
 J - a +3 scimitar of flaming
 O - the +5 flail of Tuivi {freeze, Str+5, unknown}
   (You found it on level 11 of the Dungeon)

   It has been specially enchanted to freeze those struck by it, causing extra
   injury to most foes and up to half again as much damage against particularly
   susceptible opponents.
   It can also slow down cold-blooded creatures.
   It affects your strength (+5).
Armour
 a - a +2 hat of magic resistance (worn)
 b - a +0 kite shield (worn)
 h - a cursed +0 cloak (worn)
 m - a +1 robe of fire resistance
 A - +0 steam dragon scales
 D - a +2 robe of positive energy
 H - a +0 troll leather armour (worn)
 K - a +2 robe of magic resistance
Jewellery
 t - a +6 ring of intelligence
 y - a +4 ring of evasion (left claw)
 C - a cursed ring of magical power (right claw)
 G - an amulet of magic regeneration (around neck)
Wands
 u - a wand of flame (18)
 w - a wand of polymorph (25)
 M - a wand of digging (3)
Scrolls
 f - a scroll of brand weapon {unknown}
 g - 2 scrolls of noise {unknown}
 i - 4 scrolls of enchant weapon {unknown}
 j - 2 scrolls of immolation {unknown}
 k - 7 scrolls of teleportation
 p - 4 scrolls of magic mapping {unknown}
 r - 5 scrolls of remove curse {unknown}
 s - 2 scrolls of fog {unknown}
 v - a scroll of enchant armour {unknown}
 x - a scroll of fear {unknown}
 N - a scroll of blinking {unknown}
Potions
 c - 4 potions of flight
 d - a potion of haste
 l - a potion of curing
 n - 2 potions of lignification
 o - 2 potions of mutation
 q - 2 potions of brilliance
 z - a potion of resistance
 L - a potion of cancellation
Miscellaneous
 E - a condenser vane
 F - a tin of tremorstones (2/2)


   Skills:
 * Level 6.0 Fighting
 * Level 5.6 Armour
 + Level 5.7 Dodging
 + Level 1.3 Stealth
 + Level 6.0 Shields
 * Level 13.1 Unarmed Combat
 * Level 5.2 Invocations


You had 11 spell levels left.
You didn't know any spells.
Your spell library contained the following spells:

 Spells                   Type           Power        Failure   Level
 Foxfire                  Conj/Fire      #...         73%         1
 Conjure Flame            Conj/Fire      #.......     97%         3
 Inner Flame              Hex/Fire       #.......     97%         3
 Sticky Flame             Conj/Fire      #.......     100%        4
 Bolt of Magma            Conj/Fire/Erth #.........   100%        5
 Fireball                 Conj/Fire      #.........   100%        5
 Iskenderun's Battlesphe  Conj           #.......     100%        5
 Iron Shot                Conj/Erth      #.........   100%        6
 Orb of Destruction       Conj           #.........   100%        7
 Spellforged Servitor     Conj/Summ      #.........   100%        7


Dungeon Overview and Level Annotations

Branches:
Dungeon (12/15)            Temple (1/1) D:5            Lair (0/6) D:11
    Orc: D:9-12

Altars:
Ashenzari
Cheibriados
Dithmenos
Gozag
Hepliaklqana
Kikubaaqudgha
Makhleb
Nemelex Xobeh
Okawaru
Qazlal
Ru
Trog
Uskayaw
Vehumet
Xom
Yredelemnul
Zin
The Shining One


Innate Abilities, Weirdness & Mutations

You are too large for most types of armour.
You have claws for hands.
Your natural rate of healing is unusually fast.
You are covered in fur. (AC +1)
You have extremely tough skin. (AC +3)
Your life essence is reduced to manifest your ancestor. (-10% HP)


Message History

You claw the yak!
The yak is moderately wounded.
You barely miss the yak.
The yak is moderately wounded.
The yak gores you!
* * * LOW HITPOINT WARNING * * *
You eviscerate the yak!!!
You kill the yak!
You block the yak's attack.
Your shield prevents you from hitting the yak.
You mangle the yak!!
The yak is almost dead.
The yak gores you!
* * * LOW HITPOINT WARNING * * *
You scratch the yak but do no damage.
The yak is almost dead.
You scratch the yak but do no damage.
The yak is almost dead.
The yak gores you!
You die...

#.# #..
#.. #.#
#.# #r#
#Y# #@# #
#.# #..
#†#
....####.#
.........#
.........#
##.......#
#.......#
#......##


You could see a yak and a quokka.

Vanquished Creatures
  Gastronok (D:8)
  Erica (D:11)
  A flayed ghost (D:11)
  Pikel (D:5)
  Maggie (D:9)
  A kobold demonologist (D:11)
  2 trolls
  The ghost of Zonian the Chiller, a novice VSIE (D:5)
  Prince Ribbit (D:5)
  A hornet (D:10)
  Sigmund (D:2)
  2 shadows (D:11)
  4 wraiths (D:11)
  A fire bat (D:11)
  20 yaks
  4 ice beasts
  2 orc warriors
  2 phantoms (D:10)
  A sky beast (D:10)
  8 centaurs
  8 ogres
  2 big kobolds
  3 bullfrogs
  A wyvern zombie (D:9)
  4 scorpions
  5 killer bees (D:9)
  4 wights (D:10)
  4 howler monkeys
  2 centaur zombies
  A bullfrog skeleton (D:5)
  A centaur skeleton (D:12)
  9 orc priests
  A quasit (D:8)
  8 hounds
  4 jellies
  Terence (D:3)
  7 orc wizards
  An iguana (D:5)
  10 worker ants
  A hound zombie (D:7)
  A howler monkey zombie (D:6)
  A worker ant zombie (D:10)
  12 adders
  A howler monkey skeleton (D:11)
  4 gnolls (D:4)
  A shadow imp (D:6)
  3 white imps
  An ufetubus (D:10)
  An ooze (D:2)
  2 adder skeletons
  A worm (D:5)
  3 dart slugs
  6 leopard geckos
  27 orcs
  8 giant cockroaches
  9 goblins
  8 hobgoblins
  5 jackals
  3 ball pythons
  14 bats
  6 frilled lizards
  A giant cockroach zombie (D:1)
  A jackal zombie (D:1)
  20 kobolds
  A leopard gecko skeleton (D:5)
  A leopard gecko zombie (D:5)
  16 rats
290 creatures vanquished.

Vanquished Creatures (collateral kills)
  A centaur skeleton (D:11)
  A hornet (D:9)
  A yak (D:11)
  A wyvern (D:9)
  Menkaure (D:7)
  2 water moccasins
  An ice beast (D:8)
  A necrophage (D:9)
  A lemure (D:5)
  A big kobold (D:11)
  A bullfrog (D:10)
  2 scorpions
  A killer bee (D:9)
  A howler monkey (D:10)
  A quasit (D:9)
  A jelly (D:11)
  2 orc wizards
  2 orc priests
  A bullfrog skeleton (D:11)
  An iguana (D:9)
  A worker ant (D:9)
  An adder (D:11)
  2 white imps
  An adder zombie (D:5)
  A leopard gecko (D:5)
  10 orcs
  2 bats (D:11)
  6 kobolds
  A leopard gecko zombie (D:7)
49 creatures vanquished.

Vanquished Creatures (others)
  A scorpion (D:9)
  A knight (D:12)
  An orc wizard (D:9)
  A kobold (D:9)
4 creatures vanquished.

Grand Total: 343 creatures vanquished

Notes
Turn   | Place    | Note
-------+----------+-------------------------------------------
     0 | D:1      | robertstho the Troll Fighter began the quest for the Orb.
     0 | D:1      | Reached XP level 1. HP: 22/22 MP: 0/0
   351 | D:1      | Reached XP level 2. HP: 29/29 MP: 1/1
   675 | D:1      | Reached XP level 3. HP: 33/36 MP: 2/2
  1285 | D:2      | Reached skill level 3 in Unarmed Combat
  1296 | D:2      | Noticed Sigmund
  1314 | D:2      | Killed Sigmund
  1314 | D:2      | Reached skill level 1 in Armour
  1314 | D:2      | Reached skill level 4 in Unarmed Combat
  1314 | D:2      | Reached XP level 4. HP: 32/45 MP: 3/3
  1314 | D:2      | Reached XP level 5. HP: 38/53 MP: 4/4
  1874 | D:3      | Reached XP level 6. HP: 48/61 MP: 5/5
  1990 | D:3      | Reached skill level 5 in Unarmed Combat
  2074 | D:3      | Noticed Terence
  2081 | D:3      | Killed Terence
  2240 | D:4      | You fall into a shaft and drop 2 floors!
  2276 | D:6      | Reached XP level 7. HP: 67/67 MP: 6/6
  2494 | D:6      | Reached skill level 6 in Unarmed Combat
  2926 | D:5      | Entered Level 5 of the Dungeon
  2952 | D:5      | Reached XP level 8. HP: 24/76 MP: 7/7
  3156 | D:5      | Found a runed translucent gate.
  3157 | D:5      | Found a runed translucent gate.
  3157 | D:5      | Found an opulent altar of Gozag.
  3159 | D:5      | Found a runed translucent gate.
  3203 | D:5      | Noticed Zonian's ghost (novice VSIE)
  3271 | D:5      | Found a staircase to the Ecumenical Temple.
  3278 | D:5      | Reached skill level 7 in Unarmed Combat
  3305 | Temple   | Entered the Ecumenical Temple
  3433 | Temple   | Became a worshipper of Hepliaklqana the Forgotten
  3551 | D:5      | Noticed Pikel
  3581 | D:5      | Killed Pikel
  3581 | D:5      | Reached skill level 1 in Invocations
  3732 | D:5      | Noticed Prince Ribbit
  3744 | D:5      | Killed Prince Ribbit
  3744 | D:5      | Reached skill level 8 in Unarmed Combat
  3840 | D:5      | Reached XP level 9. HP: 60/75 MP: 9/9
  4116 | D:5      | Killed Zonian's ghost
  4389 | D:4      | Found a hide-covered altar of Uskayaw.
  4769 | D:4      | Reached skill level 9 in Unarmed Combat
  4987 | D:7      | Reached * piety under Hepliaklqana
  5111 | D:7      | Noticed Menkaure
  5122 | D:7      | Killed Menkaure
  5662 | D:8      | Noticed Gastronok
  5677 | D:8      | Killed Gastronok
  5677 | D:8      | Reached skill level 5 in Shields
  5677 | D:8      | Reached skill level 10 in Unarmed Combat
  5677 | D:8      | Reached XP level 10. HP: 25/84 MP: 11/11
  5792 | D:8      | Reached skill level 1 in Stealth
  6036 | D:8      | Reached ** piety under Hepliaklqana
  6037 | D:8      | Remembered your ancestor Kendra as a knight
  6220 | D:8      | Found an opulent altar of Gozag.
  6456 | D:9      | Reached skill level 5 in Fighting
  6614 | D:9      | Found a shimmering altar of Xom.
  6638 | D:9      | Reached skill level 11 in Unarmed Combat
  6693 | D:9      | Noticed Maggie
  6703 | D:9      | Killed Maggie
  6775 | D:9      | Paralysed by a hornet for 1 turns
  6779 | D:9      | Reached skill level 5 in Dodging
  7219 | D:10     | Entered Level 10 of the Dungeon
  7561 | D:10     | Reached XP level 11. HP: 76/93 MP: 13/13
  7792 | D:10     | Reached *** piety under Hepliaklqana
  8025 | D:10     | Reached skill level 12 in Unarmed Combat
  8133 | D:11     | Noticed Erica
  8145 | D:11     | Killed Erica
  8271 | D:11     | Reached skill level 5 in Armour
  8422 | D:11     | Found a staircase to the Lair.
  8545 | D:11     | Found a snail-covered altar of Cheibriados.
  8554 | D:11     | Found a runed translucent door.
  8563 | D:11     | Noticed a flayed ghost
  8579 | D:11     | Killed a flayed ghost
  8579 | D:11     | Reached skill level 5 in Invocations
  8584 | D:11     | Got a bloodstained flail
  8619 | D:11     | Found a sacrificial altar of Ru.
  8655 | D:11     | Found an opulent altar of Gozag.
  8662 | D:11     | Found a stormy altar of Qazlal.
  8679 | D:11     | Found an iron altar of Okawaru.
  8695 | D:11     | Found a shadowy altar of Dithmenos.
  8917 | D:12     | Reached skill level 13 in Unarmed Combat
  8923 | D:12     | Noticed an orc knight
  8924 | D:12     | Noticed an orc sorcerer
  8961 | D:12     | Reached XP level 12. HP: 64/102 MP: 14/14
  8982 | D:12     | Slain by a yak

Illustrated notes

Levels and vault maps discovered:
D:1:      saegor_arrival_fortress, layout_loops_corners, minmay_3d_cube
D:2:      layout_loops_cross, uniq_sigmund
D:3:      layout_rooms, uniq_terence
D:4:      layout_loops_corners, lemuel_crystal_altar
D:5:      layout_basic, temple_hall, ebering_ghost_gozag, uniq_prince_ribbit1,
          uniq_pikel
D:6:      cheibrodos_quashed, layout_loops_ring
D:7:      layout_cave_pools, uniq_menkaure
D:8:      layout_basic, basic_altar, uniq_gastronok
D:9:      layout_cave_pools, xom_confusion_cloud, uniq_maggie
D:10:     layout_loops_cross, minivault_23
D:11:     due_megacathedral, layout_rooms, lair_entry_dummy, uniq_erica
D:12:     layout_long_grid, david_orc_4, minmay_crystal_box
Temple:   roderic_octagonal_lattice_temple

Skill      XL: |  1  2  3  4  5  6  7  8  9 10 11 12 |
---------------+-------------------------------------+-----
Unarmed Combat | 4 5 6 8 10 11 13 | 13.1
Fighting       | 3 4 5 6 |  6.0
Armour         | 1 2 3 4 5 |  5.6
Shields        | 3 4 5 6 |  6.0
Dodging        | 3 4 5 |  5.7
Invocations    | 2 3 4 5 |  5.2
Stealth        | 1 |  1.3

Action                   |  1- 3 |  4- 6 |  7- 9 | 10-12 || total
-------------------------+-------+-------+-------+-------++-------
Melee: Unarmed           |   147 |   105 |   231 |   483 ||   966
Invok: Ancestor Life: Kn |       |       |       |     1 ||     1
  Use: Scroll            |       |     4 |     5 |     7 ||    16
       Potion            |       |       |     9 |     4 ||    13
 Stab: Sleeping          |     1 |       |     1 |       ||     2
Armor: Robe              |    41 |    38 |    81 |    44 ||   204
       Steam dragon scal |       |       |       |    50 ||    50
       Troll leather arm |       |       |       |    75 ||    75
Dodge: Dodged            |    31 |    40 |    72 |   241 ||   384
Block: Kite shield       |    62 |    68 |   106 |   247 ||   483

Table legend: (Time is in decaauts)
 A = Elapsed time spent in this place.
 B = Non-inter-level travel time spent in this place.
 C = Inter-level travel time spent in this place.
 D = Time resting spent in this place.
 E = Time spent auto-exploring this place.
 F = Levels seen in this place.
 G = Mean time per level.
                   A        B        C        D        E       F      G
               +--------+--------+--------+--------+--------+-----+--------+
         Total |   8897 |   8481 |    416 |    412 |   6351 |  13 |  684.4 |
       Dungeon |   8750 |   8365 |    385 |    412 |   6236 |  12 |  729.2 |
        Temple |    146 |    116 |     30 |      0 |    115 |   1 |  146.0 |
               +--------+--------+--------+--------+--------+-----+--------+

Top non-repeatable levels by time:
     D:1: 1149 daAuts
     D:5: 1147 daAuts
     D:9: 946 daAuts
     D:8: 849 daAuts
     D:6: 803 daAuts
    D:11: 753 daAuts
     D:4: 730 daAuts
    D:10: 703 daAuts
     D:2: 591 daAuts
     D:3: 512 daAuts
     D:7: 509 daAuts
  Temple: 146 daAuts
    D:12: 53 daAuts
